 Dungeon Crawl Stone Soup version 0.28.0-53-g5a82cb258f (webtiles) character file.

Game seed: 10337909967352592492

27 Goodini51 the Magician (level 3, 0/25 HPs)
             Began as a Djinni Fire Elementalist on May 27, 2022.
             Slain by a jackal (3 damage)
             ... on level 1 of the Dungeon.
             The game lasted 00:02:28 (499 turns).

Goodini51 the Magician (Djinni Fire Elementalist)    Turns: 499, Time: 00:02:29

Health: 0/25       AC:  2    Str:  7    XL:     3   Next: 25%
Gold:   0          EV: 12    Int: 18    God:
                   SH:  0    Dex: 13

rFire   + + .      SeeInvis .   (no weapon)
rCold   x . .      Faith    .   (no shield)
rNeg    . . .      Spirit   .   a - +0 robe
rPois   ∞          Reflect  .   (no helmet)
rElec   .          Harm     .   (no cloak)
rCorr   .          Rampage  .   (no gloves)
Will    .....                   (boots unavailable)
Stlth   ++........              (no amulet)
HPRegen 0.08/turn               (no ring)
MPRegen 0.00/turn               (no ring)

@: flying, very slightly contaminated
A: sickness immunity, fire resistance 2, cold vulnerability 1, float, innate
caster, HP casting, extra vitality 1
a: no special abilities


You were on level 1 of the Dungeon.
You visited 1 branch of the dungeon, and saw 1 of its levels.

Inventory:

Missiles
 d - 5 arrows
Armour
 a - a +0 robe (worn)
Potions
 b - a potion of curing {unknown}
 c - a potion of lignification {unknown}


   Skills:
 + Level 2.3 Dodging
 + Level 1.7 Stealth
 + Level 3.1 Spellcasting


You couldn't memorise any spells.
You knew the following spells:

 Your Spells              Type           Power      Damage    Failure   Level
a - Foxfire               Conj/Fire      56%        2x1d6     4%          1
b - Scorch                Fire           28%        2d6       7%          2
c - Conjure Flame         Conj/Fire      14%        6-21      13%         3
d - Inner Flame           Hex/Fire       14%        N/A       13%         3
e - Flame Wave            Conj/Fire      14%        2d6       41%         4
f - Pain                  Necr           56%        1d6       4%          1
Your spell library was empty.

Dungeon Overview and Level Annotations

Branches:
Dungeon (1/15)

Altars:


Innate Abilities, Weirdness & Mutations

You are immune to sickness and miasma.
You are immune to poison.
Your flesh is very heat resistant. (rF++)
You are vulnerable to cold. (rC-)
You float through the air rather than walking.
You learn spells naturally, not from books.
Your magical power is your life essence.
You have superior vitality. (+4 MHP)


Message History

Confirm with . or Enter, or press ? or * to list all spells.
Flames lash the jackal.
You kill the jackal!
The jackal barks!
Casting: Scorch (safe; 7% risk of failure)
Confirm with . or Enter, or press ? or * to list all spells.
Flames lash the jackal.
You kill the jackal!
You hear a bark!
A jackal comes into view.
The jackal barely misses you.
A jackal comes into view.
The jackal bites you.
* * * LOW HITPOINT WARNING * * *
Casting: Scorch (safe; 7% risk of failure)
Confirm with . or Enter, or press ? or * to list all spells.
Flames lash the jackal.
The jackal is almost dead.
The jackal's fire resistance burns away.
* * * LOW HITPOINT WARNING * * *
The jackal closely misses you.
You closely miss the jackal.
The jackal is almost dead.
The jackal bites you.
* * * LOW HITPOINT WARNING * * *
Casting: Scorch (safe; 7% risk of failure)
Confirm with . or Enter, or press ? or * to list all spells.
Flames lash the jackal.
You kill the jackal!
* * * LOW HITPOINT WARNING * * *
The jackal barely misses you. The jackal closely misses you. x2
Casting: Scorch (safe; 7% risk of failure)
Confirm with . or Enter, or press ? or * to list all spells.
You don't know that spell.
Unknown command.
The jackal is no longer more vulnerable to fire.
The jackal closely misses you.
You see here a ball python corpse.
The jackal bites you.
You die...

#...## ..#^^...^...###.##
##§§.8# ##.##..^^...## #.##
#§§§.## ..###.....## #.##
##§§§§# ..# ###.#######.##
##§.§§§## ....##.# #....>..
###§§..§.##.##.#.##.####.###.##
###..§§...##.. ..........†.#
#.##
..........##...#.#........##
#.##
.........##....#@#.#§.....#
#.##
........###...?h.#.##.....#
#.## .<....###
##...#h#.##...†.# #.# #8#####
####..h..##.....## #.# ###
...........†......#
..........†.#####..#
.................#...
..###?#.#...####...## .
#.#.#..... .


You could see 3 jackals.

Vanquished Creatures
  A worm (D:1)
  A dart slug (D:1)
  4 ball pythons (D:1)
  An endoplasm (D:1)
  A goblin (D:1)
  2 hobgoblins (D:1)
  3 jackals (D:1)
  A kobold (D:1)
  2 bats (D:1)
  3 frilled lizards (D:1)
  2 rats (D:1)
21 creatures vanquished.

Vanquished Creatures (others)
  40 foxfires (D:1)
40 creatures vanquished.

Grand Total: 61 creatures vanquished

Notes
Turn   | Place    | Note
-------+----------+-------------------------------------------
     0 | D:1      | Goodini51 the Djinni Fire Elementalist began the quest for
                  | the Orb.
     0 | D:1      | Reached XP level 1. HP: 15/15 MP: 0/0
   163 | D:1      | Reached XP level 2. HP: 14/21 MP: 0/0
   443 | D:1      | Reached skill level 3 in Spellcasting
   481 | D:1      | Reached XP level 3. HP: 21/25 MP: 0/0
   481 | D:1      | Learned a level 1 spell: Pain
   499 | D:1      | Slain by a jackal

Illustrated notes

Levels and vault maps discovered:
D:1:      heliophobic_arrival_dark_side_of_the_moon, layout_rooms,
          ebering_ecumenical_altar_rust, nicolae_wormholes

Skill      XL: |  1  2 |
---------------+-------+-----
Spellcasting   | 3 |  3.1
Dodging        | |  2.3
Stealth        | |  1.7

Action                   || total
-------------------------++-------
Melee: Unarmed           ||     2
 Cast: Foxfire           ||    26
       Scorch            ||     6
Armor: Robe              ||     1
Dodge: Dodged            ||    12
